 Dungeon Crawl Stone Soup version 0.30-a0-696-g2367cd04db (webtiles) character file.

Game seed: 6949148181453143547

665 ASSMAN the Insei (level 7, -3/53 HPs)
             Began as a Gnoll Transmuter on Jan 21, 2023.
             Was an Initiate of Kikubaaqudgha.
             Slain by a yak (13 damage)
             ... on level 6 of the Dungeon.
             The game lasted 00:09:13 (4847 turns).

ASSMAN the Insei (Gnoll Transmuter)                 Turns: 4847, Time: 00:09:14

Health: -3/53      AC:  3    Str:  9    XL:     7   Next: 57%
Magic:  15/15      EV: 14    Int: 14    God:    Kikubaaqudgha [......]
Gold:   374        SH:  0    Dex: 13    Spells: 14/17 levels left

rFire   . . .      SeeInvis +      - Unarmed
rCold   . . .      Faith    +    (no shield)
rNeg    . . .      Spirit   .    a - +1 robe
rPois   .          Reflect  .    (no helmet)
rElec   .          Harm     .    w - scarf {+Inv}
rCorr   .          Rampage  .    (no gloves)
Will    .....                    (no boots)
Stlth   ++                       c - amulet of Bege {Faith SInv}
HPRegen 0.28/turn                (no ring)
MPRegen 0.14/turn                (no ring)

@: no status effects
A: fangs 1, strong nose, distributed training
a: Renounce Religion, Evoke Invisibility


You were on level 6 of the Dungeon.
You worshipped Kikubaaqudgha.
Kikubaaqudgha was noncommittal.
You visited 2 branches of the dungeon, and saw 7 of its levels.
You also visited: Sewer.

You collected 374 gold pieces.

Inventory:

Hand Weapons
 p - a +1 dagger of venom
Missiles
 d - 2 throwing nets
Armour
 a - a +1 robe (worn)
 w - a scarf of invisibility (worn)
Jewellery
 c - the amulet of Bege (around neck) {Faith SInv}
   (You found it on level 2 of the Dungeon)

   [amulet of faith]

   It allows you to gain divine favour quickly.
   SInv:      It lets you see invisible.
 g - an amulet of guardian spirit
 i - a ring of protection from fire
 o - an amulet of the acrobat
 q - a ring of flight
Wands
 v - a wand of roots (9)
Scrolls
 f - 5 scrolls of teleportation
 h - 4 scrolls of enchant armour
 l - 2 scrolls of enchant weapon
 n - 6 scrolls of fog
 s - 2 scrolls of identify
 t - a scroll of noise {unknown}
 u - a scroll of amnesia
Potions
 b - a potion of lignification
 e - 2 potions of mutation {unknown}
 j - 2 potions of degeneration {unknown}
 k - a potion of flight {unknown}
 m - 3 potions of resistance {unknown}
 r - 2 potions of haste {unknown}
 x - 2 potions of curing {unknown}
 z - a potion of berserk rage {unknown}


   Skills:
 + Level 3.8 Fighting
 + Level 2.7 Short Blades
 + Level 2.7 Long Blades
 + Level 2.7 Axes
 + Level 2.7 Maces & Flails
 + Level 2.7 Polearms
 + Level 2.7 Staves
 + Level 2.7 Ranged Weapons
 + Level 2.7 Throwing
 + Level 2.7 Armour
 + Level 5.3 Dodging
 + Level 2.7 Stealth
 + Level 2.7 Shields
 + Level 7.1 Unarmed Combat
 + Level 5.7 Spellcasting
 + Level 2.2 Conjurations
 + Level 2.2 Hexes
 + Level 2.2 Summonings
 + Level 2.2 Necromancy
 + Level 2.2 Translocations
 + Level 4.4 Transmutations
 + Level 2.2 Fire Magic
 + Level 2.2 Ice Magic
 + Level 2.2 Air Magic
 + Level 2.2 Earth Magic
 + Level 2.2 Poison Magic
 + Level 3.0 Invocations
 + Level 2.7 Evocations


You had 14 spell levels left.
You knew the following spells:

 Your Spells              Type           Power      Damage    Failure   Level
a - Beastly Appendage     Tmut           32%        N/A       2%          1
b - Wereblood             Tmut           16%        N/A       4%          2

Your spell library contained the following spells:

 Spells                   Type           Power      Damage    Failure   Level
 Lesser Beckoning         Tloc           20%        N/A       10%         2
 Spider Form              Tmut/Pois      13%        N/A       12%         3
 Gell's Gravitas          Tloc           10%        N/A       21%         3
 Teleport Other           Tloc           10%        N/A       21%         3
 Ice Form                 Ice/Tmut       13%        N/A       38%         4


Dungeon Overview and Level Annotations

Branches:
Dungeon (6/15)             Temple (1/1) D:4           Sewer (visited)

Altars:
Ashenzari
Cheibriados
Dithmenos
Elyvilon
Fedhas
Gozag
Hepliaklqana
Kikubaaqudgha
Makhleb
Nemelex Xobeh
Okawaru
Qazlal
Ru
Sif Muna
Trog
Uskayaw
Wu Jian
Xom
Yredelemnul
Zin
The Shining One

Shops:
D:1 ::*

Annotations:
D:5 1 transporter, omnomnOMINOUS's ghost, novice OpWn


Innate Abilities, Weirdness & Mutations

You have very sharp teeth.
Your uncanny sense of smell can sniff out nearby items.
Your experience applies equally to all skills.


Message History

You barely miss the yak. You bite the yak, but do no damage.
The yak barely misses you.
You hit the yak. You punch the yak!
The yak is moderately wounded.
The yak gores you.
You hit the yak. You punch the yak.
The yak is moderately wounded.
The yak closely misses you.
You hit the yak but do no damage.
The yak is moderately wounded.
You howl as the wereblood boils in your veins!
The yak barely misses you.
You hit the yak. Your bite misses the yak.
The yak is moderately wounded.
You hit the yak.
The yak is heavily wounded.
You howl as the wereblood boils in your veins!
Your primal bloodlust has ended.
The yak misses you.
You closely miss the yak.
The yak is heavily wounded.
The yak closely misses you.
You closely miss the yak.
The yak is heavily wounded.
The yak closely misses you.
You barely miss the yak.
The yak is heavily wounded.
The yak closely misses you.
You hit the yak.
The yak is heavily wounded.
The yak gores you!
* * * LOW HITPOINT WARNING * * *
You hit the yak.
The yak is severely wounded.
The yak gores you but does no damage.
You barely miss the yak.
The yak is severely wounded.
The yak gores you!
You die...
Kikubaaqudgha rasps: "You have failed me!
Welcome... death!"

#......#.# ./...
#...##.#.. ?..
#...##...#...
..##.#.#.#.##.
#####....#........
#...#.##.#.#5##.#
#...##..........
#.Y.##.#.##.###.
#@#.##.#.##.##
#...#..5.5......
#.....#.##.#####.#
#######...... ∆
..###### ####


You could see a yak.

Vanquished Creatures
  2 ogres (D:5)
  A necrophage (D:4)
  A scorpion (D:5)
  A hound (D:5)
  A jelly (D:4)
  An orc priest (D:5)
  An iguana (D:6)
  2 orc wizards (D:5)
  A hell rat (Sewer)
  A river rat (Sewer)
  6 adders
  A white imp (D:6)
  2 ufetubi (D:5)
  A worm (D:5)
  8 orcs
  7 ball pythons
  4 bats
  8 endoplasms
  7 giant cockroaches
  14 goblins
  5 hobgoblins
  6 jackals (D:2)
  8 kobolds
  7 quokkas
  5 frilled lizards
  15 rats
  2 butterflies
118 creatures vanquished.

Vanquished Creatures (others)
  3 fungi (D:3)
  5 plants (D:3)
8 creatures vanquished.

Grand Total: 126 creatures vanquished

Notes
Turn   | Place    | Note
-------+----------+-------------------------------------------
     0 | D:1      | ASSMAN the Gnoll Transmuter began the quest for the Orb.
     0 | D:1      | Reached XP level 1. HP: 17/17 MP: 6/6
     8 | D:1      | You fall into a shaft and drop 1 floor!
    10 | D:2      | Identified the amulet of Bege {Faith SInv}
   108 | D:1      | Found Simiamol's Book Shop.
   137 | D:1      | Found Ninli's Assorted Antiques.
   143 | D:1      | Reached XP level 2. HP: 23/23 MP: 7/7
   353 | D:1      | Reached skill level 5 in Spellcasting
   353 | D:1      | Reached XP level 3. HP: 23/28 MP: 7/9
   425 | D:1      | Found Ryaso's Book Shop.
   715 | D:2      | Reached skill level 1 in Invocations
   726 | D:2      | Reached skill level 1 in Short Blades
   726 | D:2      | Reached skill level 1 in Long Blades
   726 | D:2      | Reached skill level 1 in Axes
   726 | D:2      | Reached skill level 1 in Maces & Flails
   726 | D:2      | Reached skill level 1 in Polearms
   726 | D:2      | Reached skill level 1 in Staves
   726 | D:2      | Reached skill level 1 in Ranged Weapons
   726 | D:2      | Reached skill level 1 in Throwing
   726 | D:2      | Reached skill level 1 in Armour
   726 | D:2      | Reached skill level 1 in Stealth
   726 | D:2      | Reached skill level 1 in Shields
   726 | D:2      | Reached skill level 1 in Evocations
   801 | D:2      | Reached XP level 4. HP: 34/34 MP: 11/11
  1339 | D:2      | Reached skill level 1 in Conjurations
  1339 | D:2      | Reached skill level 1 in Hexes
  1339 | D:2      | Reached skill level 1 in Summonings
  1339 | D:2      | Reached skill level 1 in Necromancy
  1339 | D:2      | Reached skill level 1 in Translocations
  1339 | D:2      | Reached skill level 1 in Fire Magic
  1339 | D:2      | Reached skill level 1 in Ice Magic
  1339 | D:2      | Reached skill level 1 in Air Magic
  1339 | D:2      | Reached skill level 1 in Earth Magic
  1339 | D:2      | Reached skill level 1 in Poison Magic
  1586 | D:2      | Learned a level 2 spell: Wereblood
  1632 | D:3      | Found a glowing drain.
  1651 | Sewer    | Entered a sewer
  1706 | Sewer    | Reached XP level 5. HP: 13/40 MP: 9/12
  2007 | D:3      | Found a faded altar of an unknown god.
  2387 | D:4      | Found a staircase to the Ecumenical Temple.
  2457 | Temple   | Entered the Ecumenical Temple
  2662 | D:4      | Reached XP level 6. HP: 24/45 MP: 13/13
  2832 | D:4      | Reached skill level 5 in Dodging
  2997 | D:4      | Found a sacrificial altar of Ru.
  3640 | D:5      | Entered Level 5 of the Dungeon
  3904 | D:5      | Reached skill level 7 in Unarmed Combat
  3904 | D:5      | Reached XP level 7. HP: 49/52 MP: 15/15
  4050 | D:5      | Found a transporter.
  4061 | D:5      | Noticed omnomnOMINOUS's ghost (novice OpWn)
  4064 | D:5      | Identified the +6 dire flail of Fyetusk {flame, *Corrode
                  | rN+ Str+4 SInv}
  4562 | D:5      | Found a stormy altar of Qazlal.
  4567 | D:5      | Found a bloodstained altar of Trog.
  4568 | D:5      | Found a hide-covered altar of Uskayaw.
  4568 | D:5      | Found a glowing golden altar of the Shining One.
  4570 | D:5      | Found an ancient bone altar of Kikubaaqudgha.
  4744 | D:5      | Became a worshipper of Kikubaaqudgha
  4810 | D:6      | Noticed a yak
  4847 | D:6      | Slain by a yak

Illustrated notes

Levels and vault maps discovered:
D:1:      matt_arrival_refuge, layout_rooms, serial_shops, shop,
          nicolae_shop_statue_plus, nicolae_shop_crystal, minivault_19
D:2:      layout_loops_cross, nicolae_eternal_life, roderic_serpentine_path,
          kennysheep_donut, hex_tiny
D:3:      layout_basic, shapermc_ecumenical_altar_mp_urbaneastern,
          gup_sewer_entry_pipe
D:4:      layout_basic, nicolae_ru_sacrificial_ziggurat,
          minmay_temple_entry_butterflies
D:5:      layout_loops_cross, minitemple, gammafunk_ghost_smash
D:6:      layout_basic, serial_shops, shop_coins, minmay_diced_spiral
Temple:   nicolae_temple_bog_church

Skill      XL: |  1  2  3  4  5  6  7 |
---------------+----------------------+-----
Spellcasting   | 5 |  5.7
Invocations    | 1 2 3 |  3.0
Short Blades   | 1 2 |  2.7
Long Blades    | 1 2 |  2.7
Axes           | 1 2 |  2.7
Maces & Flails | 1 2 |  2.7
Polearms       | 1 2 |  2.7
Staves         | 1 2 |  2.7
Ranged Weapons | 1 2 |  2.7
Throwing       | 1 2 |  2.7
Armour         | 1 2 |  2.7
Stealth        | 1 2 |  2.7
Shields        | 1 2 |  2.7
Evocations     | 1 2 |  2.7
Conjurations   | 1 2 |  2.2
Hexes          | 1 2 |  2.2
Summonings     | 1 2 |  2.2
Necromancy     | 1 2 |  2.2
Translocations | 1 2 |  2.2
Fire Magic     | 1 2 |  2.2
Ice Magic      | 1 2 |  2.2
Air Magic      | 1 2 |  2.2
Earth Magic    | 1 2 |  2.2
Poison Magic   | 1 2 |  2.2
Fighting       | 3 |  3.8
Transmutations | 4 |  4.4
Dodging        | 5 |  5.3
Unarmed Combat | 7 |  7.1

Action                   |  1- 3 |  4- 6 |  7- 9 || total
-------------------------+-------+-------+-------++-------
Melee: Unarmed           |    85 |   222 |    73 ||   380
       Bite              |     5 |    14 |     9 ||    28
       Kick              |       |    12 |     2 ||    14
       Punch             |       |     8 |     4 ||    12
       Headbutt          |       |     3 |     2 ||     5
 Cast: Wereblood         |       |     3 |     1 ||     4
       Beastly Appendage |       |     2 |     2 ||     4
  Use: Scroll            |       |     6 |       ||     6
       Potion            |       |     1 |       ||     1
 Stab: Sleeping          |     5 |     9 |       ||    14
Armor: Robe              |    13 |    23 |    12 ||    48
Dodge: Dodged            |    45 |   122 |    48 ||   215

Table legend: (Time is in decaauts)
 A = Elapsed time spent in this place.
 B = Non-inter-level travel time spent in this place.
 C = Inter-level travel time spent in this place.
 D = Time resting spent in this place.
 E = Time spent auto-exploring this place.
 F = Levels seen in this place.
 G = Mean time per level.
                   A        B        C        D        E       F      G
               +--------+--------+--------+--------+--------+-----+--------+
         Total |   4817 |   4499 |    318 |     93 |   3402 |   8 |  602.1 |
       Dungeon |   4571 |   4262 |    309 |     93 |   3376 |   6 |  761.8 |
        Temple |    163 |    154 |      9 |      0 |     10 |   1 |  163.0 |
         Sewer |     82 |     82 |      0 |      0 |     15 |   1 |   82.0 |
               +--------+--------+--------+--------+--------+-----+--------+

Top non-repeatable levels by time:
     D:4: 1242 daAuts
     D:5: 1009 daAuts
     D:2: 983 daAuts
     D:3: 687 daAuts
     D:1: 603 daAuts
  Temple: 163 daAuts
   Sewer: 82 daAuts
     D:6: 44 daAuts
